 Dungeon Crawl Stone Soup version 0.29.1-15-g9cfb28693d (webtiles) character file.

Game seed: 3106078203937940632

11 ChiefBigBeans the Stinger (level 2, 0/20 HPs)
             Began as a Merfolk Venom Mage on Feb 23, 2023.
             Frozen to death by an endoplasm (4 damage)
             ... on level 1 of the Dungeon.
             The game lasted 00:03:05 (589 turns).

ChiefBigBeans the Stinger (Merfolk Venom Mage)       Turns: 589, Time: 00:03:06

Health: 0/20       AC:  5    Str:  8    XL:     2   Next: 29%
Magic:  1/5        EV: 12    Int: 14    God:
Gold:   24         SH:  0    Dex: 14    Spells: 4/5 levels left

rFire   . . .      SeeInvis .   d - +0 dagger
rCold   . . .      Faith    .   (no shield)
rNeg    . . .      Spirit   .   f - +0 steam dragon scales
rPois   .          Reflect  .   (no helmet)
rElec   .          Harm     .   (no cloak)
rCorr   .          Rampage  .   (no gloves)
Will    .....                   (no boots)
Stlth   ++........              (no amulet)
HPRegen 0.06/turn               (no ring)
MPRegen 0.09/turn               (no ring)

@: no status effects
A: (nimble swimmer 2), mertail
a: no special abilities


You were on level 1 of the Dungeon.
You visited 1 branch of the dungeon, and saw 1 of its levels.

You collected 24 gold pieces.

Inventory:

Hand Weapons
 d - a +0 dagger (weapon)
Armour
 a - a +0 robe
 f - +0 steam dragon scales (worn)
Scrolls
 c - a scroll of silence {unknown}
 e - a scroll of teleportation {unknown}
Potions
 b - a potion of magic
 g - a potion of heal wounds {unknown}


   Skills:
 + Level 0.4 Fighting
 + Level 0.5 Short Blades
 - Level 2.8 Dodging
 + Level 2.3 Stealth
 + Level 2.2 Spellcasting
 - Level 1.5 Transmutations
 + Level 3.4 Poison Magic


You had 4 spell levels left.
You knew the following spells:

 Your Spells              Type           Power      Damage    Failure   Level
a - Sting                 Tmut/Pois      32%        1d4       9%          1

Your spell library contained the following spells:

 Spells                   Type           Power      Damage    Failure   Level
 Poisonous Vapours        Pois/Air       12%        N/A       17%         2
 Mephitic Cloud           Conj/Pois/Air  4%         N/A       41%         3
 Olgreb's Toxic Radiance  Pois           11%        N/A       50%         4


Dungeon Overview and Level Annotations

Branches:
Dungeon (1/15)

Altars:


Innate Abilities, Weirdness & Mutations

((You are very nimble when in or above water. (Stealth+, EV+, Speed+++)))
Your lower body shifts to a powerful aquatic tail in water.


Message History

A hobgoblin comes into view.
Aiming: Sting (safe; 9% risk of failure)
Press: ? - help, Q - select action Shift-Dir - straight line, f/p - ball python
Aim: a ball python (64% to hit)
The sting hits the ball python.
The ball python is poisoned.
The ball python is moderately wounded.
An endoplasm comes into view.
You hit the ball python.
You kill the ball python!
You see here a ball python corpse.
Aiming: Sting (safe; 9% risk of failure)
Press: ? - help, Q - select action Shift-Dir - straight line, f - endoplasm
Aim: an endoplasm (97% to hit)
The sting hits the endoplasm.
The endoplasm is poisoned.
The endoplasm is moderately wounded.
You hit the endoplasm.
The endoplasm is almost dead.
You kill the endoplasm!
The endoplasm misses you.
Your magical contamination has completely faded away.
You hit the endoplasm but do no damage. The hobgoblin hits you.
The endoplasm closely misses you.
You barely miss the endoplasm. The hobgoblin misses you.
The endoplasm freezes you.
You are frozen.
You hit the hobgoblin but do no damage. The endoplasm freezes you.
You are frozen.
The hobgoblin hits you but does no damage.
You hit the hobgoblin but do no damage. The hobgoblin hits you.
The endoplasm closely misses you.
You barely miss the hobgoblin. The hobgoblin completely misses you.
The endoplasm closely misses you.
You closely miss the hobgoblin. The hobgoblin hits you.
The endoplasm closely misses you.
You closely miss the hobgoblin. The hobgoblin hits you.
* * * LOW HITPOINT WARNING * * *
The endoplasm freezes you.
You are frozen.
You die...

#...(..................#
♣.♣
#......................#
♣~♣
#####..................#
♣♣~♣
#.......#########+##+###
♣8~♣
#.................##.
♣♣~♣
#....................
♣~♣
#....................
♣~♣
#....................
♣♣~
#...........†@J...... ♣♣
#............g....... ♣
#.......#............
#.......#............
.......#............
......#...#...##... ...
#...#...# ... #...#####
..


You could see an endoplasm and a hobgoblin.

Vanquished Creatures
  2 ball pythons (D:1)
  An endoplasm (D:1)
  A goblin (D:1)
  2 hobgoblins (D:1)
  2 bats (D:1)
  2 rats (D:1)
10 creatures vanquished.

Notes
Turn   | Place    | Note
-------+----------+-------------------------------------------
     0 | D:1      | ChiefBigBeans the Merfolk Venom Mage began the quest for
                  | the Orb.
     0 | D:1      | Reached XP level 1. HP: 13/13 MP: 3/3
   451 | D:1      | Reached XP level 2. HP: 20/20 MP: 3/5
   589 | D:1      | Frozen to death by an endoplasm

Illustrated notes

Levels and vault maps discovered:
D:1:      nagdon_arrival_double_spiral, layout_basic

Action                   || total
-------------------------++-------
Melee: Unarmed           ||    10
       Dagger            ||    13
 Cast: Sting             ||    14
Armor: Robe              ||     8
       Steam dragon scal ||     1
Dodge: Dodged            ||    23
